AoeStats
← Technogun

Arabia

509414352Analyzed
1v1 RM · 4d ago on Sep 26, 2026· 50m 17s· 2 players
Game mode
Random Map
Map size
Tiny (2 player)
Population
200
Speed
Normal
Resources
Standard
Victory
Conquest
Starting age
Dark Age
Ending age
Imperial Age
RankedLock teamsTeams togetherTeam positionsShared explorationLock speedFull tech treeHidden civsTurbo modeCheats
Victory
Defeat
🇨🇳 Huns · China
1206
+15
🇮🇳 Jurchens · India
1178
-15
Technogun
9:02 Loom
11:28 Feudal Age
12:11 Double-Bit Axe
12:07 Horse Collar
14:11 Bloodlines
21:22 Castle Age
21:35 Fletching
21:38 Gold Mining
21:49 Light Cavalry
22:48 Bow Saw
24:53 Husbandry
25:20 Elite Skirmisher
26:36 Scale Barding Armor
28:07 Wheelbarrow
27:21 Town Watch
30:19 Hand Cart
30:39 Scale Mail Armor
32:27 Stone Mining
34:06 Chain Mail Armor
37:18 Gold Shaft Mining
41:04 Forging
44:33 Imperial Age
43:18 Bodkin Arrow
45:09 Iron Casting
45:20 Squires
46:27 Conscription
46:05 Elite Fire Lancer
47:21 Gambesons
口子哥
6:36 Loom
9:32 Feudal Age
17:55 Padded Archer Armor
18:29 Fletching
24:55 Castle Age
23:13 Double-Bit Axe
24:27 Bloodlines
25:27 Forging
25:22 Scale Barding Armor
27:02 Bow Saw
30:28 Wheelbarrow
30:08 Husbandry
30:39 Town Watch
31:20 Chain Barding Armor
32:39 Bodkin Arrow
35:02 Leather Archer Armor
36:44 Light Cavalry
41:50 Imperial Age
41:34 Iron Casting
41:14 Horse Collar
43:42 Conscription
42:53 Sappers
44:00 Plate Barding Armor
44:33 Ballistics
43:47 Cavalier
47:09 Parthian Tactics
47:46 Blast Furnace
48:46 Chemistry
49:36 Bracer
49:37 Hussar
50:53 Scale Mail Armor
Connection lost

Rejoining the realm…

Still unreachable

The connection could not be restored.

Session expired

The server has moved on; the page needs a fresh start.